 Dungeon Crawl Stone Soup version 0.29-a0-384-g6960b1960d (webtiles) character file.

Game seed: 7689639843301157318

1438 NinjaNoafa the Ruffian (level 8, 76/78 HPs)
             Began as a Troll Fighter on May 6, 2022.
             Was an Initiate of Ru.
             Quit the game on level 6 of the Dungeon.
             The game lasted 00:09:20 (5295 turns).

NinjaNoafa the Ruffian (Troll Fighter)              Turns: 5295, Time: 00:09:20

Health: 76/78      AC:  5    Str: 25    XL:     8   Next: 45%
Magic:  7/7        EV:  8    Int:  4    God:    Ru [......]
Gold:   236        SH:  7    Dex: 11    Spells: 7/7 levels left

rFire   . . .      SeeInvis .     - Unarmed
rCold   . . .      Faith    .   b - +0 kite shield
rNeg    . . .      Spirit   .   a - +0 robe
rPois   .          Reflect  .   (helmet restricted)
rElec   .          Harm     .   h - +0 cloak
rCorr   .          Rampage  .   (gloves unavailable)
Will    +....                   (boots unavailable)
Stlth   +.........              (no amulet)
HPRegen 1.03/turn               p - ring of wizardry
MPRegen 0.10/turn               w - ring of willpower

@: no status effects
A: large, unfitting armour, claws 3, regeneration 1, shaggy fur 1, tough skin 1
a: Renounce Religion


You were on level 6 of the Dungeon.
You worshipped Ru.
Ru was noncommittal.
You visited 1 branch of the dungeon, and saw 6 of its levels.
You also visited: Ossuary.

You collected 236 gold pieces.

Inventory:

Missiles
 d - a throwing net
 y - 3 boomerangs (quivered)
Armour
 a - a +0 robe (worn)
 b - a +0 kite shield (worn)
 h - a +0 cloak (worn)
Jewellery
 p - a ring of wizardry (left claw)
 w - a ring of willpower (right claw)
Wands
 q - a wand of flame (4)
 r - a wand of paralysis (7)
Scrolls
 c - a scroll of enchant weapon
 e - 3 scrolls of brand weapon
 i - a scroll of fog {unknown}
 j - 2 scrolls of enchant armour {unknown}
 s - 5 scrolls of teleportation {unknown}
 t - a scroll of magic mapping {unknown}
 u - a scroll of blinking {unknown}
 v - a scroll of identify {unknown}
 x - a scroll of poison {unknown}
Potions
 g - 2 potions of attraction
 k - a potion of haste
 l - 2 potions of resistance
 m - 2 potions of brilliance
 o - 2 potions of ambrosia
 z - 2 potions of lignification


   Skills:
 + Level 4.3(2.1) Fighting
 + Level 4.3(2.1) Dodging
 - Level 4.0(2.0) Shields
 * Level 6.5(3.2) Unarmed Combat
 - Level 3.0(1.5) Evocations


You had 7 spell levels left.
You didn't know any spells.
Your spell library contained the following spells:

 Spells                   Type           Power      Damage    Failure   Level
 Animate Skeleton         Necr           0%         N/A       45%         1
 Apportation              Tloc           0%         N/A       45%         1
 Pain                     Necr           0%         1d4       45%         1
 Summon Small Mammal      Summ           0%         N/A       45%         1
 Ensorcelled Hibernation  Hex/Ice        0%         N/A       61%         2
 Spider Form              Tmut/Pois      0%         N/A       82%         3
 Vampiric Draining        Necr           0%         2d6       82%         3
 Anguish                  Hex/Necr       0%         N/A       99%         4


Dungeon Overview and Level Annotations

Branches:
Dungeon (6/15)            Ossuary (visited)
 Temple: D:4-7

Altars:
Ashenzari
Elyvilon
Nemelex Xobeh
Ru
Vehumet
Yredelemnul

Shops:
D:3 [   D:4 :??=*

Annotations:
D:3 2 runed translucent doors, loir's ghost, amateur DjFE


Innate Abilities, Weirdness & Mutations

You are too large for most types of armour.
You have claws for hands.
Your natural rate of healing is unusually fast.
You are covered in fur. (AC +1)
You have tough skin. (AC +1)


Message History

You block the gnoll's attack.
You claw the gnoll!
You kill the gnoll!
You barely miss the gnoll. The gnoll hits you with a +0 club.
You barely miss the gnoll. The gnoll closely misses you.
You scratch the gnoll but do no damage. You block the gnoll's attack.
You barely miss the gnoll. You block the gnoll's attack.
You scratch the gnoll.
The gnoll is heavily wounded.
You block the gnoll's attack.
You claw the gnoll!
You kill the gnoll!
You feel less attractive to monsters.
d - a throwing net
Items here: )))) ††.
You start resting.
You start to feel less resistant.
Your resistance to elements expires.
HP restored.
You now have 236 gold pieces (gained 5).
Found a spear.
Okay, then.
Found a ring mail.
Found a stone staircase leading down.
s - 5 scrolls labelled USICVYSE GOMA (gained 3)
A phantom comes into view.
The phantom completely misses you.
You claw the phantom!
The phantom is heavily damaged.
The phantom hits you. x2; The phantom blinks!
You blink.
You closely miss the phantom.
The phantom is heavily damaged.
You block the phantom's attack.
You closely miss the phantom.
The phantom is heavily damaged.
The phantom hits you.
The phantom blinks!
You blink.
The phantom closely misses you.
You barely miss the phantom.
The phantom is heavily damaged.
You block the phantom's attack.
Are you sure you want to abandon this character and quit the game? (Confirm with "yes".)

.######.#######
#.........)#
.##...........#
#.#.#.##.###.###
.##...........# #.#.#.##..#
.# .##...........#
#.#.#.###.##.#
.##...........####.#.#.#
#..#.#
.##....................#
##.#.#
...†......P.P..........#
#.#.#
.#.####.#.._...........#
#.#.# .#.#
#...P.P...@W.....# #...#
.#.#
#.......####.#.#.#####..###
.#.# #....####
#.#.#........... ##.#
#.#### #§#.#######..### ..#
#.# #.#........[># ### #.#
#.############ #.# #§# #.#


You could see a phantom.

Vanquished Creatures
  Eustachio (D:4)
  A black bear (D:5)
  An ogre (D:5)
  A centaur (D:6)
  A phantom (D:5)
  6 scorpions
  A necrophage (D:5)
  4 hounds
  A human zombie (Ossuary)
  3 jellies
  3 iguanas
  4 mummies
  10 gnolls
  A shadow imp (D:5)
  An ufetubus (D:6)
  2 dart slugs
  8 orcs
  11 ball pythons
  5 bats
  12 endoplasms
  4 giant cockroaches (D:1)
  2 gnoll zombies (Ossuary)
  10 goblins
  4 hobgoblins
  3 jackals (D:5)
  10 kobolds
  4 quokkas
  5 frilled lizards
  2 goblin zombies (Ossuary)
  3 hobgoblin zombies
  A kobold zombie (Ossuary)
  An orc zombie (Ossuary)
  A rat (D:2)
127 creatures vanquished.

Notes
Turn   | Place    | Note
-------+----------+-------------------------------------------
     0 | D:1      | NinjaNoafa the Troll Fighter began the quest for the Orb.
     0 | D:1      | Reached XP level 1. HP: 22/22 MP: 0/0
   155 | D:1      | Reached XP level 2. HP: 29/29 MP: 1/1
   609 | D:1      | Reached XP level 3. HP: 36/36 MP: 2/2
  1180 | D:2      | Reached skill level 3 in Unarmed Combat
  1185 | D:2      | Found a white marble altar of Elyvilon.
  1673 | D:2      | You fall into a shaft and drop 2 floors!
  1711 | D:4      | Found Equec's General Store.
  1754 | D:4      | Noticed a scorpion
  1767 | D:4      | Killed a scorpion
  1768 | D:4      | Reached XP level 4. HP: 23/44 MP: 3/3
  1839 | D:4      | Reached XP level 5. HP: 44/53 MP: 4/4
  1917 | D:4      | Found a sand-covered staircase.
  1923 | Ossuary  | Entered an ossuary
  1959 | Ossuary  | Reached skill level 4 in Unarmed Combat
  2141 | D:4      | Reached XP level 6. HP: 61/61 MP: 5/5
  2459 | D:3      | Found a radiant altar of Vehumet.
  2512 | D:3      | Found a large runed translucent door.
  2513 | D:3      | Found a large runed translucent door.
  2514 | D:3      | Noticed loir's ghost (amateur DjFE)
  2517 | D:3      | Found Rym Wek's Armour Emporium.
  3378 | D:4      | Found Lush's Magic Scroll Emporium.
  3523 | D:4      | Noticed Eustachio
  3537 | D:4      | Killed Eustachio
  3696 | D:4      | Found Qyxkid's Jewellery Boutique.
  3747 | D:4      | Found a broken altar of Ashenzari.
  3753 | D:4      | Became a worshipper of Ashenzari the Shackled
  3779 | D:4      | Reached XP level 7. HP: 67/67 MP: 6/6
  3793 | D:4      | Found Tanud's Book Boutique.
  3991 | D:4      | Found Qudef's Magic Scroll Emporium.
  4105 | D:5      | Entered Level 5 of the Dungeon
  4397 | D:5      | Reached skill level 5 in Unarmed Combat
  4576 | D:5      | Reached XP level 8. HP: 78/78 MP: 7/7
  4661 | D:5      | Found a sparkling altar of Nemelex Xobeh.
  4758 | D:5      | Found a sacrificial altar of Ru.
  4921 | D:5      | Fell from the grace of Ashenzari
  4921 | D:5      | Became a worshipper of Ru the Awakened
  5032 | D:6      | Reached skill level 6 in Unarmed Combat
  5033 | D:6      | Found a basalt altar of Yredelemnul.
  5295 | D:6      | Quit the game

Illustrated notes

Levels and vault maps discovered:
D:1:      dpeg_arrival_lava_temple_mockup, layout_loops_corners
D:2:      layout_basic, basic_altar
D:3:      layout_basic, vehumet_altar_wand_db, ebering_ghost_disaster_area,
          serial_shops, nicolae_shop_statue_plus, kennysheep_donut
D:4:      nicolae_cairo_tiling_large, layout_loops_cross,
          cheibrodos_ashenzari_chains, serial_shops, shop, nicolae_shop_trees,
          nicolae_shop_hallway_stairs, nicolae_square_shop,
          kennysheep_little_box, nicolae_ossuary_entry_giza, uniq_eustachio
D:5:      layout_loops_ring, nicolae_ru_the_path_less_chosen,
          nemelex_xobeh_ov_fountains_minmay
D:6:      layout_basic, yredelemnul_altar_generic, uniq_menkaure

Skill      XL: |  1  2  3  4  5  6  7  8 |
---------------+-------------------------+-----
Unarmed Combat | 3 4 5 6 |  6.5
Fighting       | 3 4 |  4.3
Dodging        | 3 4 |  4.3
Shields        | 3 4 |  4.0
Evocations     | 2 3 |  3.0

Action                   |  1- 3 |  4- 6 |  7- 9 || total
-------------------------+-------+-------+-------++-------
Melee: Unarmed           |   125 |   144 |   114 ||   383
Throw: Throwing net      |     2 |       |       ||     2
Evoke: Wand              |       |       |     2 ||     2
  Use: Potion            |     5 |     2 |     7 ||    14
       Scroll            |     3 |       |       ||     3
 Stab: Sleeping          |     1 |       |     4 ||     5
Armor: Robe              |    39 |    44 |    21 ||   104
       Skin              |     4 |       |       ||     4
Dodge: Dodged            |    36 |    63 |    42 ||   141
Block: Kite shield       |    52 |    55 |    42 ||   149

Table legend: (Time is in decaauts)
 A = Elapsed time spent in this place.
 B = Non-inter-level travel time spent in this place.
 C = Inter-level travel time spent in this place.
 D = Time resting spent in this place.
 E = Time spent auto-exploring this place.
 F = Levels seen in this place.
 G = Mean time per level.
                   A        B        C        D        E       F      G
               +--------+--------+--------+--------+--------+-----+--------+
         Total |   5304 |   5007 |    297 |     17 |   3894 |   7 |  757.7 |
       Dungeon |   5094 |   4797 |    297 |     17 |   3794 |   6 |  849.0 |
       Ossuary |    210 |    210 |      0 |      0 |    100 |   1 |  210.0 |
               +--------+--------+--------+--------+--------+-----+--------+

Top non-repeatable levels by time:
     D:1: 1036 daAuts
     D:3: 1033 daAuts
     D:4: 950 daAuts
     D:5: 879 daAuts
     D:2: 878 daAuts
     D:6: 314 daAuts
 Ossuary: 210 daAuts
